 Dungeon Crawl Stone Soup version 0.29.0-4-gdea44cf6ec (webtiles) character file.

Game seed: 573744935743104967

4733 qw the Cleaver (level 10, 0/65 HPs)
             Began as a Gargoyle Berserker on Sept 4, 2022.
             Was a Priest of Trog.
             Slain by a yak (7 damage)
             ... on level 9 of the Dungeon.
             The game lasted 00:02:13 (8173 turns).

qw the Cleaver (Gargoyle Berserker)                 Turns: 8173, Time: 00:02:14

Health: 0/65       AC: 26    Str: 31    XL:     10   Next: 46%
Magic:  10/10      EV:  8    Int:  8    God:    Trog [***...]
Gold:   447        SH:  0    Dex:  9    Spells: 9/9 levels left

rFire   . . .      SeeInvis .   f - +1 hand axe (spect)
rCold   + . .      Faith    .   (no shield)
rNeg    + . .      Spirit   .   m - +0 plate armour
rPois   inf        Reflect  .   e - +2 helmet
rElec   +          Harm     .   (no cloak)
rCorr   .          Rampage  .   n - +0 pair of gloves
Will    .....                   b - +0 pair of boots
Stlth   ..........              j - amulet of the acrobat
HPRegen 0.20/turn               r - +6 ring of strength
MPRegen 0.12/turn               (no ring)

@: about to teleport, on berserk cooldown, slowed, very slow
A: sickness immunity, AC +7, negative energy resistance 1, electricity
resistance, torment resistance 1, petrification resistance, hooves 1, cold
resistance 1
a: Renounce Religion, Berserk, Trog's Hand


You were on level 9 of the Dungeon.
You worshipped Trog.
Trog was most pleased with you.
You visited 1 branch of the dungeon, and saw 9 of its levels.

You collected 447 gold pieces.


Innate Abilities, Weirdness & Mutations

You are immune to sickness and miasma.
Your stone body is resilient. (AC +7)
You are immune to poison.
You resist negative energy. (rN+)
You are resistant to electric shocks. (rElec)
You are resistant to unholy torment.
You are immune to petrification.
You have large cloven feet.
Your flesh is cold resistant. (rC+)


   Skills:
 - Level 8.4 Fighting
 + Level 10.6 Axes
 - Level 2.0 Throwing
 - Level 7.9 Armour
 - Level 1.5 Dodging


You had 9 spell levels left.
You didn't know any spells.
Your spell library was empty.

Inventory:

Hand Weapons
 d - a +0 morningstar
 f - a +1 spectral hand axe (weapon)
Missiles
 g - 2 boomerangs (quivered)
Armour
 b - a +0 pair of boots (worn)
 e - a +2 helmet (worn)
 m - a +0 plate armour (worn)
 n - a +0 pair of gloves (worn)
Jewellery
 j - an amulet of the acrobat (around neck)
 r - a +6 ring of strength (left hand)
Scrolls
 a - 3 scrolls of brand weapon
 h - 9 scrolls of teleportation
 l - 7 scrolls of identify
Potions
 c - 5 potions of curing
 i - a potion of cancellation
 p - a potion of mutation

Dungeon Overview and Level Annotations

Branches:
Dungeon (9/15)             Temple (0/1) D:6            Lair (0/5) D:9
    Orc: D:9-12

Altars:
Elyvilon

Shops:
D:2 (   D:4 (


Message History

You feel much better.
The death yak gores you but does no damage.
The death yak barely misses you.
You slash the death yak!
The death yak is moderately wounded.
The death yak barely misses you.
You hit the death yak.
The death yak is moderately wounded.
Your surroundings seem slightly different.
Throw: 2 boomerangs
Press: ? - help, Q - select action Shift-Dir - straight line, f - death yak You throw a boomerang.
The boomerang hits the death yak!
The death yak is heavily wounded.
You hit the death yak but do no damage.
The death yak is heavily wounded.
Your +1 spectral hand axe hits the death yak but does no damage.
The orc wizard gestures wildly while chanting.
The orc wizard flickers and vanishes!
Deactivating autopickup; reactivate with Ctrl-A.
The death yak gores you.
You barely miss the death yak.
The death yak is heavily wounded.
Your +1 spectral hand axe hits the death yak!
Your +1 spectral hand axe hits the yak.
The death yak gores you!
You hit the death yak but do no damage.
The death yak is heavily wounded.
You hit the yak but do no damage.
Your +1 spectral hand axe hits the yak!
Your +1 spectral hand axe hits the death yak but does no damage.
The yak gores you. The death yak gores you!
8172 ||| READING 10 scrolls of teleportation.
As you read the scroll of teleportation, it crumbles to dust.
You feel strangely unstable. The yak gores you but does no damage.
The death yak gores you but does no damage.
You hit the death yak but do no damage.
The death yak is heavily wounded.
You hit something but do no damage. You hit the yak. The yak gores you!
You die... #.. .............# .?#. .#####.......# ####... #.......# .. #.......# . ..# #.......# .. #.......# ... #.......# ..# #########'### oK#

........@Y.K###o.#...
.......ยค.Y..'%YYoKo>.
............###KYK...
............# oo##.
............# ...
............# ...
.#.#........# ..
......###### . #..


You could see a death yak, 3 yaks, a kobold brigand and a kobold.

Vanquished Creatures
  A two-headed ogre (D:9)
  2 death yaks (D:9)
  Psyche (D:8)
  A kobold demonologist (D:8)
  A troll (D:9)
  A hornet (D:7)
  Sigmund (D:4)
  A shadow (D:9)
  A steam dragon (D:8)
  An ice beast (D:7)
  A sky beast (D:8)
  An ogre (D:5)
  4 centaurs
  A kobold brigand (D:8)
  5 bullfrogs
  2 electric eels (D:8)
  8 hounds
  2 jellies
  3 iguanas
  2 orc wizards (D:8)
  Robin (D:3)
  6 adders
  A gnoll (D:3)
  A white imp (D:7)
  A dart slug (D:4)
  16 orcs
  8 bats
  3 endoplasms (D:2)
  4 giant cockroaches
  14 goblins
  3 hobgoblins
  4 jackals (D:4)
  4 kobolds
  2 quokkas (D:1)
  7 ball pythons
  5 frilled lizards
  4 rats
  A spectral hobgoblin (D:1)
125 creatures vanquished.

Vanquished Creatures (others)
  A demonic plant (D:7)
1 creature vanquished.

Grand Total: 126 creatures vanquished

Notes
Turn   | Place    | Note
-------+----------+-------------------------------------------
     0 | D:1      | qw the Gargoyle Berserker began the quest for the Orb.
     0 | D:1      | Reached XP level 1. HP: 14/14 MP: 1/1
     0 | D:1      | 0 ||| qw: Version: 0.1-a-103-gd6f5d3a
     0 | D:1      | 0 ||| qw: Game counter: 5425
     0 | D:1      | 0 ||| qw: Always use a shield: true
     0 | D:1      | 0 ||| qw: Do Orc after D:15 true
     0 | D:1      | 0 ||| qw: Do second Lair branch before Depths: true
     0 | D:1      | 0 ||| qw: Lair rune preference: random
     0 | D:1      | 0 ||| qw: Plans: Normal
     0 | D:1      | 0 ||| PLANNING D:1-11
    14 | D:1      | Found a faded altar of an unknown god.
    16 | D:1      | 16 ||| Stepping ~*~*~tactically~*~*~ (water).
    51 | D:1      | 51 ||| Stepping ~*~*~tactically~*~*~ (stealth).
   210 | D:1      | Reached skill level 3 in Axes
   586 | D:1      | Reached XP level 2. HP: 19/19 MP: 2/2
   594 | D:1      | 594 ||| Stepping ~*~*~tactically~*~*~ (stealth).
   782 | D:1      | 782 ||| UPGRADING to +0 leather armour.
   792 | D:1      | 792 ||| DROPPING +0 animal skin.
   793 | D:1      | 793 ||| UPGRADING to +0 plate armour.
   803 | D:1      | 803 ||| DROPPING +0 leather armour.
   804 | D:1      | 804 ||| READING scroll labelled PEAMPO IJOIMO.
   805 | D:1      | 805 ||| READING scroll labelled HEMAIW ERRI.
   806 | D:1      | 806 ||| READING 2 scrolls labelled UNGIOGG ORHUAS.
   810 | D:1      | 810 ||| READING scroll labelled KEQ PAUSANU.
   811 | D:1      | 811 ||| READING 2 scrolls labelled FUSMEY HERCH.
   812 | D:1      | 812 ||| READING scroll labelled TOSUZOASHRYE.
  1079 | D:2      | 1079 ||| DROPPING +0 club.
  1208 | D:2      | Reached XP level 3. HP: 23/23 MP: 3/3
  1232 | D:2      | Reached ** piety under Trog
  1257 | D:2      | Reached skill level 4 in Axes
  1279 | D:2      | 1279 ||| Stepping ~*~*~tactically~*~*~ (stealth).
  1421 | D:2      | Found Ziash's Antique Weapon Boutique.
  1445 | D:2      | 1445 ||| SHOPLISTING runed flail (130 gold, have 118).
  1544 | D:2      | 1544 ||| READING scroll labelled HOQ ZOPSOETERU.
  1545 | D:2      | 1545 ||| DRINKING 2 grey potions.
  1546 | D:2      | 1546 ||| READING 2 scrolls of identify.
  1546 | D:2      | 1546 ||| IDENTIFYING fuming orange potion
  1547 | D:2      | 1547 ||| DROPPING potion of brilliance.
  1589 | D:3      | 1589 ||| STAIRDANCE
  1705 | D:3      | 1705 ||| INVOKING Berserk.
  1708 | D:3      | Reached XP level 4. HP: 28/28 MP: 4/4
  1913 | D:3      | Noticed Robin
  1921 | D:3      | 1921 ||| INVOKING Berserk.
  1926 | D:3      | Killed Robin
  1927 | D:3      | Reached skill level 5 in Axes
  2131 | D:3      | 2131 ||| INVOKING Berserk.
  2137 | D:3      | Reached XP level 5. HP: 32/32 MP: 5/5
  2141 | D:3      | Reached skill level 3 in Armour
  2534 | D:3      | 2534 ||| Stepping ~*~*~tactically~*~*~ (stealth).
  2535 | D:3      | 2535 ||| Stepping ~*~*~tactically~*~*~ (stealth).
  2538 | D:3      | 2538 ||| Stepping ~*~*~tactically~*~*~ (stealth).
  2800 | D:3      | 2800 ||| UPGRADING to +0 helmet.
  2805 | D:3      | 2805 ||| UPGRADING to amulet of the acrobat.
  2810 | D:3      | 2810 ||| READING scroll labelled MAOSY PUEKH.
  2811 | D:3      | 2811 ||| READING scroll labelled NOACAL ZEEGRIUX.
  2812 | D:3      | 2812 ||| READING scroll labelled CANTOALAEL.
  2914 | D:4      | 2914 ||| Stepping ~*~*~tactically~*~*~ (stealth).
  2994 | D:4      | Reached XP level 6. HP: 38/38 MP: 6/6
  3040 | D:4      | Noticed Sigmund
  3041 | D:4      | 3041 ||| INVOKING Berserk.
  3073 | D:4      | Killed Sigmund
  3074 | D:4      | Reached skill level 6 in Axes
  3271 | D:4      | 3271 ||| Stepping ~*~*~tactically~*~*~ (hiding).
  3532 | D:4      | Found Kicwamem's Antique Weapon Shop.
  3540 | D:4      | 3540 ||| SHOPLISTING runed demon whip (486 gold, have 208).
  3600 | D:4      | 3600 ||| DROPPING amulet of faith.
  3601 | D:4      | 3601 ||| READING scroll labelled TOORHU POAF.
  3602 | D:4      | 3602 ||| READING 6 scrolls of identify.
  3602 | D:4      | 3602 ||| IDENTIFYING smoky clear potion
  3603 | D:4      | 3603 ||| READING 5 scrolls of identify.
  3603 | D:4      | 3603 ||| IDENTIFYING amethyst potion
  3604 | D:4      | 3604 ||| READING 4 scrolls of identify.
  3604 | D:4      | 3604 ||| IDENTIFYING fizzy inky potion
  3605 | D:4      | 3605 ||| READING 3 scrolls of identify.
  3605 | D:4      | 3605 ||| IDENTIFYING smoky green potion
  3606 | D:4      | 3606 ||| READING 2 scrolls of identify.
  3606 | D:4      | 3606 ||| IDENTIFYING sedimented cyan potion
  3607 | D:4      | 3607 ||| DROPPING potion of lignification.
  3608 | D:4      | 3608 ||| DROPPING potion of attraction.
  3609 | D:4      | 3609 ||| DROPPING potion of degeneration.
  3613 | D:5      | Entered Level 5 of the Dungeon
  3664 | D:5      | 3664 ||| DROPPING +0 whip.
  3668 | D:5      | 3668 ||| READING scroll of enchant armour.
  3668 | D:5      | 3668 ||| ENCHANTING +0 helmet.
  3791 | D:5      | 3791 ||| DROPPING +4 mace.
  3921 | D:5      | Reached XP level 7. HP: 41/43 MP: 7/7
  3949 | D:5      | 3949 ||| Stepping ~*~*~tactically~*~*~ (stealth).
  3950 | D:5      | 3950 ||| Stepping ~*~*~tactically~*~*~ (stealth).
  3956 | D:5      | Reached *** piety under Trog
  3958 | D:5      | 3958 ||| INVOKING Berserk.
  4204 | D:5      | Reached skill level 1 in Throwing
  4391 | D:5      | 4391 ||| INVOKING Berserk.
  4729 | D:5      | 4729 ||| DROPPING scarf of shadows.
  4730 | D:5      | 4730 ||| READING scroll labelled HAOLER BEUVYER.
  4781 | D:6      | Reached skill level 7 in Axes
  4931 | D:6      | Found a staircase to the Ecumenical Temple.
  4962 | D:6      | Reached XP level 8. HP: 49/49 MP: 8/8
  5196 | D:6      | 5196 ||| READING 3 scrolls labelled SIVVOI HIWEMUU.
  5197 | D:6      | 5197 ||| DROPPING 2 scrolls of amnesia.
  5513 | D:7      | 5513 ||| Stepping ~*~*~tactically~*~*~ (hiding).
  5514 | D:7      | 5514 ||| Stepping ~*~*~tactically~*~*~ (hiding).
  5649 | D:7      | Noticed a hornet
  5658 | D:7      | Killed a hornet
  5708 | D:7      | Reached skill level 8 in Axes
  5711 | D:7      | 5711 ||| READING scroll of enchant weapon.
  5711 | D:7      | 5711 ||| ENCHANTING +0 spectral hand axe.
  5857 | D:7      | 5857 ||| READING scroll of enchant armour.
  5857 | D:7      | 5857 ||| ENCHANTING +1 helmet.
  6152 | D:7      | 6152 ||| UPGRADING to +0 pair of boots.
  6157 | D:7      | 6157 ||| UPGRADING to +0 pair of gloves.
  6162 | D:7      | 6162 ||| DRINKING 2 brown potions.
  6163 | D:7      | 6163 ||| DRINKING 2 fizzy golden potions.
  6163 | D:7      | Gained mutation: You have large cloven feet. [potion of
                  | mutation]
  6163 | D:7      | Gained mutation: Your flesh is cold resistant. (rC+)
                  | [potion of mutation]
  6164 | D:7      | 6164 ||| DROPPING potion of magic.
  6226 | D:8      | 6226 ||| Stepping ~*~*~tactically~*~*~ (stealth).
  6228 | D:8      | 6228 ||| Stepping ~*~*~tactically~*~*~ (hiding).
  6237 | D:8      | 6237 ||| Stepping ~*~*~tactically~*~*~ (hiding).
  6248 | D:8      | 6248 ||| FLEEEEING.
  6249 | D:8      | 6249 ||| FLEEEEING.
  6250 | D:8      | 6250 ||| FLEEEEING.
  6251 | D:8      | 6251 ||| FLEEEEING.
  6252 | D:8      | 6252 ||| FLEEEEING.
  6253 | D:8      | 6253 ||| FLEEEEING.
  6255 | D:8      | 6255 ||| Stepping ~*~*~tactically~*~*~ (hiding).
  6261 | D:8      | 6261 ||| INVOKING Berserk.
  6267 | D:8      | Reached skill level 6 in Fighting
  6381 | D:8      | 6381 ||| DROPPING +0 flail.
  6413 | D:8      | 6413 ||| Stepping ~*~*~tactically~*~*~ (stealth).
  6415 | D:8      | Noticed Psyche
  6419 | D:8      | 6419 ||| INVOKING Berserk.
  6429 | D:8      | Killed Psyche
  6430 | D:8      | Reached skill level 6 in Armour
  6430 | D:8      | Reached XP level 9. HP: 46/56 MP: 9/9
  6642 | D:8      | 6642 ||| INVOKING Berserk.
  6857 | D:8      | 6857 ||| INVOKING Berserk.
  7026 | D:8      | Found a white marble altar of Elyvilon.
  7184 | D:8      | 7184 ||| Stepping ~*~*~tactically~*~*~ (hiding).
  7534 | D:8      | Reached skill level 9 in Axes
  7600 | D:8      | 7600 ||| DROPPING +1 helmet of intelligence.
  7601 | D:8      | 7601 ||| UPGRADING to +6 ring of strength.
  7631 | D:9      | Noticed a kobold demonologist
  7636 | D:9      | 7636 ||| STAIRDANCE
  7647 | D:8      | Noticed an orange demon
  7659 | D:8      | 7659 ||| INVOKING Berserk.
  7664 | D:8      | Killed a kobold demonologist
  7878 | D:9      | Noticed a troll
  7882 | D:9      | 7882 ||| INVOKING Berserk.
  7886 | D:9      | Killed a troll
  8018 | D:9      | Noticed a two-headed ogre
  8022 | D:9      | 8022 ||| INVOKING Berserk.
  8024 | D:9      | Killed a two-headed ogre
  8025 | D:9      | Reached skill level 10 in Axes
  8025 | D:9      | Reached XP level 10. HP: 63/63 MP: 10/10
  8115 | D:9      | Found a staircase to the Lair.
  8116 | D:9      | Noticed a death yak
  8117 | D:9      | 8117 ||| Stepping ~*~*~tactically~*~*~ (hiding).
  8118 | D:9      | Noticed a death yak
  8121 | D:9      | 8121 ||| Stepping ~*~*~tactically~*~*~ (stealth).
  8122 | D:9      | 8122 ||| INVOKING Berserk.
  8124 | D:9      | Noticed a death yak
  8137 | D:9      | Killed a death yak
  8160 | D:9      | Killed a death yak
  8162 | D:9      | HP: 12/65 [death yak (7)]
  8163 | D:9      | 8163 ||| READING 11 scrolls of teleportation.
  8164 | D:9      | 8164 ||| DRINKING potion of heal wounds.
  8171 | D:9      | HP: 7/65 [death yak (15)]
  8172 | D:9      | 8172 ||| READING 10 scrolls of teleportation.
  8173 | D:9      | Slain by a yak

Levels and vault maps discovered:
D:1:      lightli_arrival_boilingwater, layout_basic,
          dreamdust_ecumenical_altar_drowned_temple
D:2:      layout_loops_ring, serial_shops, shop
D:3:      layout_loops_corners, minmay_misc_feat_columns, cheibrodos_gnoll_hut,
          uniq_robin
D:4:      layout_rooms, serial_shops, kennysheep_little_box, uniq_sigmund
D:5:      minmay_evil_eye, layout_gridville, bh_walls_and_bars
D:6:      layout_cave_pools, minmay_temple_entry_tees
D:7:      layout_loops_ring, minivault_25, hangedman_decor_points,
          dreamdust_princess_corridor
D:8:      layout_loops_ring, mainiacjoe_overflow_alcove_1, minmay_crystal_water,
          minmay_manual_mess, uniq_psyche
D:9:      layout_basic, lemuel_doored_altar, dpeg_lair_monsters, serial_glass,
          glass_columns_a, glass_columns_a, minmay_misc_feat_pillars

Skill      XL: |  1  2  3  4  5  6  7  8  9 10 |
---------------+-------------------------------+-----
Axes           | 3 4 5 6 7 8 10 | 10.6
Armour         | 3 4 6 7 |  7.9
Fighting       | 4 5 6 7 8 |  8.4
Throwing       | 1 2 |  2.0
Dodging        | |  1.5

Action                   |  1- 3 |  4- 6 |  7- 9 | 10-12 || total
-------------------------+-------+-------+-------+-------++-------
Melee: Hand axe          |    69 |    73 |   155 |    44 ||   341
       Unarmed           |       |       |     4 |       ||     4
       Punch             |       |       |     3 |       ||     3
Throw: Javelin           |       |       |    29 |     1 ||    30
       Boomerang         |       |       |     4 |     3 ||     7
Invok: Berserk           |     1 |     3 |     9 |     1 ||    14
  Use: Scroll            |     8 |    10 |     4 |     2 ||    24
       Potion            |     1 |       |     2 |     1 ||     4
 Stab: Distracted        |       |       |     2 |       ||     2
Armor: Animal skin       |     7 |       |       |       ||     7
       Plate armour      |    26 |    58 |    92 |    17 ||   193
Dodge: Dodged            |    34 |    28 |    55 |     8 ||   125

Table legend:
 A = Non-vault XP
 B = Vault XP
 C = Vault XP percentage of total XP
 D = Non-vault monster count
 E = Vault monster count
 F = Vault count percentage of total count
                 A         B        C        D         E       F
            +---------+---------+-------+---------+---------+-------
      Total |    3994 |    2768 |  40.9 |      97 |      28 |  22.4
            +---------+---------+-------+---------+---------+-------
        D:1 |      16 |       1 |   5.9 |      10 |       1 |   9.1
        D:2 |      40 |       0 |   0.0 |      18 |       0 |   0.0
        D:3 |      78 |     136 |  63.6 |      14 |      15 |  51.7
        D:4 |      65 |     226 |  77.7 |      12 |       1 |   7.7
        D:5 |     316 |      53 |  14.4 |      11 |       3 |  21.4
        D:6 |     297 |       0 |   0.0 |       6 |       0 |   0.0
        D:7 |     637 |       0 |   0.0 |       8 |       0 |   0.0
        D:8 |    1173 |     740 |  38.7 |      15 |       6 |  28.6
        D:9 |    1372 |    1612 |  54.0 |       3 |       2 |  40.0
            +---------+---------+-------+---------+---------+-------
